 Dungeon Crawl Stone Soup version 0.32-a0-834-geaf45d8e21 (webtiles) character file.

Game seed: 17699030048103071027

1247 ytrimaz the Ruffian (level 8, -6/48 HPs)
             Began as an Octopode Shapeshifter on Mar 25, 2024.
             Mangled by a kobold brigand
             ... wielding a +0 whip
              (10 damage)
             ... on level 6 of the Dungeon.
             The game lasted 00:05:05 (5045 turns).

ytrimaz the Ruffian (Octopode Shapeshifter)         Turns: 5045, Time: 00:05:05

Health: -6/48      AC:  1    Str: 14    XL:     8   Next: 50%
Magic:  8/8        EV: 14    Int: 14    God:
Gold:   430        SH:  0    Dex: 11    Spells: 7/7 levels left

rFire   . .          .
                       - Unarmed
rCold   . . .        (no shield)
rNeg    . . .        (helmet currently unavailable)
rPois   .            u - amulet of the acrobat
rElec   .            (no ring)
rCorr   .            (no ring)
SInv    .            (no ring)
Will    .....        (no ring)
Stlth   ++           (no ring)
HPRegen 0.28/turn    (no ring)
MPRegen 0.11/turn    (no ring)
                     (no ring)

%: acrobat
@: lethally poisoned (-6 -> -8), beast-form, slowed, very slow
A: beast (slay +3), almost no armour, amphibious, 8 rings, camouflage 1,
gelatinous body 1, (nimble swimmer 1), tentacles
a: Begin Untransformation


You were on level 6 of the Dungeon.
You were a hulking beast.
You visited 1 branch of the dungeon, and saw 6 of its levels.

You collected 430 gold pieces.


Innate Abilities, Weirdness & Mutations

You are a hulking beast.
Your limbs bulge with bestial killing power. (Slay +3)
You cannot wear most types of armour.
You are amphibious.
You can wear up to eight rings at the same time.
Your skin changes colour to match your surroundings (Stealth+).
Your rubbery body absorbs attacks. (AC +1, EV +1)
((You are camouflaged when in or above water. (Stealth+)))
You have tentacles for arms and can constrict up to eight enemies at once.


   Skills:
 - Level 1.0 Fighting
 + Level 6.1 Dodging
 + Level 6.4 Unarmed Combat
 + Level 6.0 Shapeshifting


You had 7 spell levels left.
You didn't know any spells.
Your spell library contained the following spells:

 Spells                   Type           Power      Damage    Failure   Level
 Magic Dart               Conj           0%         1d3       28%         1
 Summon Small Mammal      Summ           0%         N/A       28%         1
 Blink                    Tloc           0%         N/A       41%         2
 Call Imp                 Summ           0%         N/A       41%         2
 Call Canine Familiar     Summ           0%         N/A       65%         3
 Sigil of Binding         Hex            0%         N/A       65%         3
 Dimensional Bullseye     Hex/Tloc       0%         N/A       96%         4
 Summon Blazeheart Golem  Fire/Summ      0%         N/A       96%         4

Inventory:

Missiles
 f - a throwing net (quivered)
Magical Staves
 o - a staff of air
   (You found it on level 3 of the Dungeon)
Jewellery
 u - an amulet of the acrobat (around mantle)
   (You found it on level 5 of the Dungeon)
Talismans
 b - a beast talisman (active)
 c - a flux talisman
Wands
 g - a wand of polymorph (8)
   (You found it on level 2 of the Dungeon)
 n - a wand of warping (7)
   (You took it off Ijyb on level 3 of the Dungeon)
 p - a wand of charming (6)
   (You found it on level 4 of the Dungeon)
Scrolls
 d - a scroll of poison
 i - 2 scrolls of enchant weapon
 l - a scroll of fog {unknown}
 m - 2 scrolls of noise {unknown}
 r - 3 scrolls of teleportation
 t - a scroll of vulnerability {unknown}
Potions
 a - a potion of lignification
 e - 2 potions of attraction
 h - a potion of mutation {unknown}
 k - 3 potions of curing {unknown}
 q - a potion of brilliance {unknown}
 s - 2 potions of enlightenment {unknown}

Dungeon Overview and Level Annotations

Branches:
Dungeon (6/15) Zot: 26823  Temple (0/1) D:4

Altars:
Sif Muna
Beogh

Shops:
D:1 (   D:3 ?

Annotations:
D:1 2 runed translucent doors
D:6 Grinder

.. #. #. #K #.. #K
######..# #K .....#..#
#K##.##.#..#
...#.#h#).#.#..########
#...5.K.##.#..........
......#............#.###
.#....#....#.###.#.#.#
..... #........†...#.#
.##.......##.....###.#
..#.#.#..........#.#
.#.#...#.#.#...#.##.###
........#.#.#..#[...


You could see Grinder, a kobold brigand and 4 kobolds.


Message History

An ogre is nearby!
Found a stone staircase leading down.
An ogre is nearby!
You bludgeon the ogre!
The ogre hits you with a +0 giant club! 😮 HP[-16]
You take 16 damage, and now have 32/48 hp.
MASSIVE DAMAGE!! (PAUSE)
You tentacle-slap the ogre.
Unknown command.
You bludgeon the ogre! The ogre closely misses you.
You bludgeon the ogre!
You kill the ogre!
Your Dodging skill increases to level 6!
Your Shapeshifting skill increases to level 6! 😮 HP[+1] Unknown command.
You see here a +0 giant club.
Key pressed, stopping explore.
Key pressed, stopping explore.
Found a stone staircase leading down. 😎 HP[+15]
Your hp is fully restored (48).
You now have 419 gold pieces (gained 8).
There is a stone staircase leading down here.
You see here a +0 cloak.
Key pressed, stopping explore.
Unknown command.
An adder comes into view.
The adder hisses angrily.
An adder is nearby!
An adder is nearby!
You bludgeon the adder! Your grab misses the adder.
Your tentacle-slap misses the adder.
The adder barely misses you.
You completely miss the adder. Your grab misses the adder.
The adder bites you. 😕 HP[-1]
You take 1 damage, and now have 47/48 hp.
You bludgeon the adder!
You kill the adder!
Unknown command.
You see here an adder corpse.
You now have 430 gold pieces (gained 11).
A kobold comes into view. It is wielding a +0 dagger. 😎 HP[+1]
Your hp is fully restored (48).
A kobold is nearby!
A kobold is nearby! 2 kobolds come into view.
Unknown command.
A kobold comes into view. It is wielding a +0 dagger.
The helpless kobold fails to defend itself.
You bludgeon the kobold!
You kill the kobold!
The kobold shouts!
You hear a shout! x3
A kobold brigand comes into view.
It is wielding a +0 whip and quivering curare-tipped darts.
Unknown command.
You tentacle-slap the kobold.
You kill the kobold!
You tentacle-slap the kobold.
You kill the kobold!
A kobold comes into view.
It is wielding a +0 short sword and quivering poisoned darts.
The kobold brigand throws a curare-tipped dart.
The curare-tipped dart hits you.
You are poisoned.
You have difficulty breathing.
You feel yourself slow down. 😕 HP[-4]
You take 4 damage, and now have 44/48 hp.
Grinder and 2 kobolds come into view.
You feel sick.
The kobold brigand hits you with a +0 whip!
Grinder shouts!
Things that are here:
a +0 dagger; a +0 dagger; 😮 HP[-11]
You take 11 damage, and now have 33/48 hp.
MASSIVE DAMAGE!! (PAUSE)
You tentacle-slap the kobold brigand but do no damage.
Your grab misses the kobold brigand. Your squeeze misses the kobold brigand.
You feel sick.
You hear a shout!
The kobold hits you with a +0 dagger.
The kobold brigand hits you with a +0 whip!
* * * LOW HITPOINT WARNING * * *
The kobold hits you with a +0 dagger.
* * * LOW HITPOINT WARNING * * *
😨 HP[-16]
You take 16 damage, and now have 17/48 hp.
MASSIVE DAMAGE!! (PAUSE)
You closely miss the kobold brigand. You grab the kobold brigand.
You constrict the kobold brigand.
You feel sick. Grinder gestures at you. You resist with some effort.
The kobold brigand hits you with a +0 whip!
* * * LOW HITPOINT WARNING * * *
The kobold hits you with a +0 dagger.
* * * LOW HITPOINT WARNING * * *
Grinder gestures at you. Pain shoots through your body!
* * * LOW HITPOINT WARNING * * *
The kobold brigand hits you with a +0 whip!
You die...

Skill      XL: |  1  2  3  4  5  6  7  8 |
---------------+-------------------------+-----
Dodging        | 3 4 5 6 |  6.1
Unarmed Combat | 4 5 6 |  6.4
Shapeshifting  | 4 5 6 |  6.0
Fighting       | |  1.0

Action                     |  1- 3 |  4- 6 |  7- 9 || total
---------------------------+-------+-------+-------++-------
  Melee: Unarmed           |    62 |    44 |   101 ||   207
         Constrict         |    17 |    13 |    21 ||    51
         Tentacles         |     8 |    15 |    19 ||    42
         Punch             |       |     3 |     5 ||     8
    Use: Scroll            |     2 |     1 |     2 ||     5
   Stab: Sleeping          |     1 |     6 |     4 ||    11
 Armour: Skin              |    26 |    19 |    44 ||    89
  Dodge: Dodged            |    47 |    18 |    44 ||   109

Levels and vault maps discovered:
D:1:      erik_arrival_cave_to_civilisation [erik_arrival_cave_to_temple],
          layout_basic, serial_shops, shop
D:2:      layout_basic
D:3:      layout_basic, serial_shops, shop, serial_corexii_hall,
          corexii_hall_statues_x, chequers_hall_statues_y, uniq_jessica,
          uniq_ijyb, uniq_sigmund
D:4:      layout_basic, mainiacjoe_overflow_concentric_impassable,
          temple_statues, minmay_misc_feat_ornament, uniq_robin
D:5:      layout_basic
D:6:      nicolae_cairo_tiling_large_dashed, layout_loops_ring, uniq_grinder

Notes
Turn   | Place    | Note
-------+----------+-------------------------------------------
     0 | D:1      | ytrimaz the Octopode Shapeshifter began the quest for the
                  | Orb.
     0 | D:1      | Reached XP level 1. HP: 13/13 MP: 1/1
     0 | D:1      | magus.rc [v1.9.6]
    39 | D:1      | Found a large runed translucent door.
    39 | D:1      | Found a large runed translucent door.
    41 | D:1      | Found a roughly hewn altar of Beogh.
    41 | D:1      | Noticed an orc warrior
    42 | D:1      | Noticed an orc priest
   126 | D:1      | You pick up a book of Minor Magic and begin reading...
   126 | D:1      | You add the spells Magic Dart, Blink and Call Imp to your
                  | library.
   183 | D:1      | Found Luakh's Weapon Shop.
   211 | D:1      | Reached XP level 2. HP: 18/18 MP: 2/2
   444 | D:1      | Reached XP level 3. HP: 11/23 MP: 3/3
  1177 | D:2      | Reached XP level 4. HP: 28/28 MP: 4/4
  1279 | D:2      | Reached skill level 3 in Dodging
  1710 | D:3      | Noticed Jessica
  1714 | D:3      | Killed Jessica
  2077 | D:3      | Reached XP level 5. HP: 33/33 MP: 5/5
  2099 | D:3      | Noticed Sigmund
  2109 | D:3      | Killed Sigmund
  2110 | D:3      | Reached skill level 4 in Dodging
  2110 | D:3      | Reached skill level 4 in Unarmed Combat
  2110 | D:3      | Reached skill level 4 in Shapeshifting
  2110 | D:3      | Reached XP level 6. HP: 20/38 MP: 6/6
  2198 | D:3      | Found Riuju's Magic Scroll Shoppe.
  2202 | D:3      | You pick up a book of the Hunter and begin reading...
  2202 | D:3      | You add the spells Sigil of Binding, Call Canine Familiar
                  | and Dimensional Bullseye to your library.
  2351 | D:3      | Noticed Ijyb
  2357 | D:3      | Killed Ijyb
  2752 | D:4      | Found a staircase to the Ecumenical Temple.
  2770 | D:4      | Reached skill level 5 in Unarmed Combat
  2770 | D:4      | Reached XP level 7. HP: 18/43 MP: 7/7
  2780 | D:4      | Noticed Robin
  2794 | D:4      | Killed Robin
  3115 | D:4      | Found a shimmering blue altar of Sif Muna.
  3129 | D:4      | Reached skill level 5 in Shapeshifting
  3188 | D:4      | Reached skill level 5 in Dodging
  3871 | D:5      | Entered Level 5 of the Dungeon
  4115 | D:5      | You pick up a book of Callings and begin reading...
  4115 | D:5      | You add the spells Summon Small Mammal and Summon
                  | Blazeheart Golem to your library.
  4274 | D:5      | Reached XP level 8. HP: 41/48 MP: 8/8
  4545 | D:5      | Reached skill level 6 in Unarmed Combat
  4935 | D:6      | Reached skill level 6 in Dodging
  4935 | D:6      | Reached skill level 6 in Shapeshifting
  5043 | D:6      | Noticed Grinder
  5045 | D:6      | HP: 10/48 [kobold brigand/+0 whip (7)]
  5045 | D:6      | HP: 4/48 [Grinder/nerve-wracking pain (3)]
  5045 | D:6      | Mangled by a kobold brigand

Vanquished Creatures
  Sigmund (D:3)
  A black bear (D:4)
  2 ogres (D:6)
  A kobold brigand (D:5)
  5 scorpions
  2 bombardier beetles
  2 jellies (D:4)
  A hound (D:5)
  A sleepcap (D:4)
  Jessica (D:3)
  Ijyb (D:3)
  2 iguanas
  Robin (D:4)
  A gnoll (D:1)
  4 adders
  2 ufetubi (D:5)
  A dart slug (D:3)
  2 ribbon worms
  6 orcs
  4 endoplasms
  4 giant cockroaches
  19 goblins
  8 hobgoblins
  6 jackals
  11 kobolds
  5 quokkas
  5 ball pythons
  8 bats
  3 frilled lizards (D:1)
  2 rats (D:1)
112 creatures vanquished.

Table legend:
 A = Non-vault XP
 B = Vault XP
 C = Vault XP percentage of total XP
 D = Non-vault monster count
 E = Vault monster count
 F = Vault count percentage of total count
                 A         B        C        D         E       F
            +---------+---------+-------+---------+---------+-------
      Total |    1449 |     333 |  18.7 |      96 |      16 |  14.3
            +---------+---------+-------+---------+---------+-------
        D:1 |      56 |       3 |   5.1 |      27 |       2 |   6.9
        D:2 |      54 |       0 |   0.0 |      17 |       0 |   0.0
        D:3 |      26 |     296 |  91.9 |      11 |       3 |  21.4
        D:4 |     573 |      34 |   5.6 |      17 |      11 |  39.3
        D:5 |     451 |       0 |   0.0 |      16 |       0 |   0.0
        D:6 |     289 |       0 |   0.0 |       8 |       0 |   0.0
            +---------+---------+-------+---------+---------+-------

Skill      XL: |  1  2  3  4  5  6  7  8 |
---------------+-------------------------+-----
Dodging        | 3 4 5 6 |  6.1
Unarmed Combat | 4 5 6 |  6.4
Shapeshifting  | 4 5 6 |  6.0
Fighting       | |  1.0

Action                     |  1- 3 |  4- 6 |  7- 9 || total
---------------------------+-------+-------+-------++-------
  Melee: Unarmed           |    62 |    44 |   101 ||   207
         Constrict         |    17 |    13 |    21 ||    51
         Tentacles         |     8 |    15 |    19 ||    42
         Punch             |       |     3 |     5 ||     8
    Use: Scroll            |     2 |     1 |     2 ||     5
   Stab: Sleeping          |     1 |     6 |     4 ||    11
 Armour: Skin              |    26 |    19 |    44 ||    89
  Dodge: Dodged            |    47 |    18 |    44 ||   109

Illustrated notes

Table legend:
 A = Kills in this place as a percentage of kills in the entire game.
 B = Kills by you in this place as a percentage of kills by you in the entire game.
 C = Kills by friends in this place as a percentage of kills by friends in the entire game.
 D = Other kills in this place as a percentage of other kills in the entire game.
 E = Experience gained in this place as a percentage of experience gained in the entire game.
 F = Experience gained in this place divided by the number of levels of this place that you have seen.
                   A       B       C       D       E      F
               +-------+-------+-------+-------+-------+----------------------
         Total | 100.0 | 100.0 |   N/A |   N/A | 100.0 | 297.0
       Dungeon | 100.0 | 100.0 |   N/A |   N/A | 100.0 | 297.0
               +-------+-------+-------+-------+-------+----------------------

Table legend: (Time is in decaauts)
 A = Elapsed time spent in this place.
 B = Non-inter-level travel time spent in this place.
 C = Inter-level travel time spent in this place.
 D = Time resting spent in this place.
 E = Time spent auto-exploring this place.
 F = Levels seen in this place.
 G = Mean time per level.
                   A        B        C        D        E       F      G
               +--------+--------+--------+--------+--------+-----+--------+
         Total |   5028 |   4891 |    137 |    129 |   4048 |   6 |  838.0 |
       Dungeon |   5028 |   4891 |    137 |    129 |   4048 |   6 |  838.0 |
               +--------+--------+--------+--------+--------+-----+--------+

Top non-repeatable levels by time:
     D:4: 1137 daAuts
     D:1: 1083 daAuts
     D:3: 1069 daAuts
     D:5: 993 daAuts
     D:2: 568 daAuts
     D:6: 174 daAuts
